 Dungeon Crawl Stone Soup version 0.23.2-40-g277498a001 (webtiles) character file.

Game seed: 13270238267349831210

30 Descartes the Magician (level 3, -2/16 HPs)
             Began as a Spriggan Wizard on Aug 21, 2019.
             Killed from afar by Natasha (6 damage)
             ... with a magic dart
             ... on level 1 of the Dungeon.
             The game lasted 00:07:28 (1906 turns).

Descartes the Magician (Spriggan Wizard)            Turns: 1906, Time: 00:07:28

Health: -2/16      AC:  4    Str:  3    XL:     3   Next: 5%
Magic:  3/10       EV: 18    Int: 20    God:
Gold:   71         SH:  0    Dex: 14    Spells: 4/11 levels left

rFire    . . .     SeeInvis +   (weapon restricted)
rCold    + . .     Gourm    .   (shield restricted)
rNeg     . . .     Faith    .   c - +2 robe {rC+}
rPois    .         Spirit   .   b - +0 hat
rElec    .         Reflect  .   (no cloak)
rCorr    .         Harm     .   (gloves unavailable)
MR       .....                  (boots unavailable)
Stlth    +.........             (no amulet)
HPRegen  0.05/turn              e - ring of attention (curse)
MPRegen  0.12/turn              (no ring)

@: very slightly contaminated, slowed, quick
A: very small, unfitting armour, see invisible, herbivore, speed 3, slow
metabolism 2
a: no special abilities


You were on level 1 of the Dungeon.
You were not hungry.

You visited 1 branch of the dungeon, and saw 2 of its levels.

You collected 71 gold pieces.

Inventory:

Missiles
 a - 7 stones (quivered)
 f - 18 arrows
Armour
 b - a +0 hat (worn)
 c - a +2 robe of cold resistance (worn)
Jewellery
 e - a cursed ring of attention (left hand)
Scrolls
 g - a scroll of teleportation
 h - a scroll of magic mapping
Potions
 i - a potion of ambrosia {unknown}
 j - a potion of mutation {unknown}
Comestibles
 d - 3 rations


   Skills:
 + Level 3.6 Dodging
 + Level 3.6 Stealth
 * Level 4.5 Spellcasting
 + Level 1.1 Conjurations
 + Level 0.0 Hexes
 + Level 0.8 Summonings
 + Level 1.5 Translocations


You had 4 spell levels left.
You knew the following spells:

 Your Spells              Type           Power        Failure   Level  Hunger
a - Magic Dart            Conj           #...         8%          1    None
b - Blink                 Tloc           N/A          10%         2    #......
c - Call Imp              Summ           #.......     13%         2    #......
d - Slow                  Hex            #.......     19%         2    #......

Your spell library contained the following spells:

 Spells                   Type           Power        Failure   Level  Hunger
 Conjure Flame            Conj/Fire      #.......     28%         3    ##.....
 Mephitic Cloud           Conj/Pois/Air  #.......     30%         3    ##.....


Dungeon Overview and Level Annotations

Branches:
Dungeon (2/15)

Altars:

Annotations:
D:1 Natasha
D:2 Terence


Innate Abilities, Weirdness & Mutations

You are very small and have problems with some larger weapons.
You are too small for most types of armour.
You have supernaturally acute eyesight. (SInv)
You are a herbivore.
You cover ground extremely quickly.
You need to consume almost no food.


Message History

Aiming: Magic Dart (safe; 8% risk of failure)
Press: ? - help, Shift-Dir - straight line, f/p - Natasha
Aim: Natasha (severely wounded)
The magic dart hits Natasha.
Natasha is almost dead.
Casting: Magic Dart (safe; 8% risk of failure)
Confirm with . or Enter, or press ? or * to list all spells.
Aiming: Magic Dart (safe; 8% risk of failure)
Press: ? - help, Shift-Dir - straight line, f/p - Natasha
Aim: Natasha (almost dead)
The magic dart hits Natasha.
Natasha is almost dead.
Natasha stares at you and mumbles some strange words.
The magic dart hits you.
* * * LOW HITPOINT WARNING * * *
Natasha casts a spell at you. You resist with some effort.
Natasha stares at you and mumbles some strange words.
The magic dart hits you.
You die...

#.##......................
#.##..............########
#.###'#####.......#
#.###.#####.......#
#.................########
#####>....................
##h..#...#############
#...###.# ######...@.#.#
##### #........#.#.#
####...# #.#.#....#.#.#
#..#...# #........#.#.###
#..'...# ##.......#.#...#
#'####'## #.#..##.)[..#.#
#.'<#....
##....########'#######....
#.....##### #).......#....
#.#.#.....# #........'....


You could see Natasha.

Vanquished Creatures
  2 bats (D:1)
  2 giant cockroaches (D:1)
  2 goblins (D:1)
  5 hobgoblins
  4 jackals
  4 frilled lizards (D:1)
  6 kobolds
  4 rats
29 creatures vanquished.

Notes
Turn   | Place    | Note
-------+----------+-------------------------------------------
     0 | D:1      | Descartes the Spriggan Wizard began the quest for the Orb.
     0 | D:1      | Reached XP level 1. HP: 9/9 MP: 6/6
   325 | D:1      | Reached XP level 2. HP: 13/13 MP: 5/8
   429 | D:1      | Reached skill level 1 in Conjurations
  1047 | D:2      | Noticed Terence
  1498 | D:1      | Learned a level 2 spell: Blink
  1501 | D:1      | Learned a level 2 spell: Call Imp
  1504 | D:1      | Learned a level 2 spell: Slow
  1556 | D:1      | Reached XP level 3. HP: 16/16 MP: 6/10
  1807 | D:2      | Noticed Natasha
  1906 | D:1      | Killed from afar by Natasha

Skill      XL: |  1  2 |
---------------+-------+-----
Conjurations   | 1 |  1.1
Dodging        | |  3.6
Stealth        | |  3.6
Spellcasting   | |  4.5
Summonings     | |  0.8
Translocations | |  1.5

Action                   || total
-------------------------++-------
Melee: Unarmed           ||    52
 Cast: Magic Dart        ||   107
  Use: Scroll            ||     3
Armor: Robe              ||     9
Dodge: Dodged            ||    69
